 Dungeon Crawl Stone Soup version 0.31.0-12-g77e489cdc1 (webtiles) character file.

Game seed: 1347317998488277737

6991 unlimited1921 the Thaumaturge (level 11, -15/66 HPs)
             Began as a Djinni Fire Elementalist on Mar 1, 2024.
             Was an Initiate of Ashenzari.
             Demolished by a death yak (19 damage)
             ... in an ice cave.
             The game lasted 00:33:49 (8792 turns).

unlimited1921 the Thaumaturge (DjFE)                Turns: 8792, Time: 00:33:50

Health: -15/66     AC:  9    Str:  7    XL:     11   Next: 28%
Gold:   522        EV: 15    Int: 27    God:    Ashenzari [......] SH:  0 Dex: 13

rFire   + + .        w - +5 rapier of Analysis {holy, Int+5}
rCold   . . .        O - orb {mayhem}
rNeg    . . .        j - +0 robe {rC+}
rPois   ∞            (no helmet)
rElec   .            (no cloak)
rCorr   .            e - +2 pair of gloves "Lashed Augurer" {Sorc, Comp} (curse)
SInv    .            (boots unavailable)
Will    +....        t - amulet of regeneration
Stlth   +++          c - +4 ring of protection
HPRegen 1.11/turn    (no ring)
MPRegen 0.00/turn

%: mayhem, infuse magic (-16 HP)
@: flying
A: sickness immunity, fire resistance 2, cold vulnerability 1, float, innate
caster, HP casting, extra vitality 1
a: Renounce Religion, Shatter the Chains


You were in an ice cave.
You worshipped Ashenzari.
Ashenzari was noncommittal.
You visited 3 branches of the dungeon, and saw 10 of its levels.
You also visited: Ice Cave.

You collected 522 gold pieces.

Inventory:

Hand Weapons
 s - the +6 spear of Joahoiff {heavy, rElec Str+2 SInv}
   (You found it on level 7 of the Dungeon)

   Str+2:     It affects your strength (+2).
   rElec:     It insulates you from electricity.
   SInv:      It lets you see invisible.
 w - the +5 rapier of Analysis (weapon) {holy, Int+5}
   (You found it on level 3 of the Dungeon)

   Int+5:     It affects your intelligence (+5).
 C - a +3 whip of distortion
 F - a +2 scimitar of freezing
 N - a +4 trident of draining
 P - a -1 demon whip of venom
Missiles
 u - 4 curare-tipped darts
 y - 3 poisoned darts
Armour
 e - the cursed +2 pair of gloves "Lashed Augurer" (worn) {Sorc, Comp}
   (You found it on level 1 of the Dungeon)

   It has a curse which improves the following skills: Sorcery: Conjurations and
   Alchemy.
   Companions: Summonings and Necromancy.
 h - a +0 leather armour
 j - a +0 robe of cold resistance (worn)
 B - a +0 scale mail
 H - +0 steam dragon scales
 O - an orb of mayhem (worn)
 R - a +0 helmet
 S - a +0 pair of gloves
Jewellery
 c - a +4 ring of protection (left hand)
 t - an amulet of regeneration (around neck)
Wands
 q - a wand of quicksilver (13)
 A - a wand of flame (18)
 G - a wand of iceblast (7)
 M - a wand of paralysis (7) (quivered)
Scrolls
 a - a scroll of vulnerability {unknown}
 b - 2 scrolls of butterflies {unknown}
 k - 2 scrolls of enchant weapon {unknown}
 m - 7 scrolls of identify {unknown}
 p - 2 scrolls of revelation {unknown}
 r - 2 scrolls of fog {unknown}
 v - a scroll of enchant armour {unknown}
 I - a scroll of torment {unknown}
 J - a scroll of blinking {unknown}
 K - 2 scrolls of teleportation {unknown}
 L - a scroll of noise {unknown}
Potions
 d - a potion of haste {unknown}
 f - a potion of attraction {unknown}
 g - 2 potions of heal wounds {unknown}
 i - 5 potions of curing {unknown}
 l - a potion of resistance {unknown}
 n - a potion of mutation {unknown}
 o - a potion of might {unknown}
 x - 3 potions of cancellation {unknown}
 z - a potion of degeneration {unknown}
 D - 2 potions of brilliance {unknown}
 E - a potion of berserk rage {unknown}
 Q - a potion of ambrosia {unknown}


   Skills:
 + Level 0.6 Fighting
 + Level 1.8 Short Blades
 + Level 7.3 Dodging
 + Level 4.7 Stealth
 + Level 11.7 Spellcasting
 + Level 11.7(12.0) Conjurations
 + Level 11.7 Hexes
 + Level 11.7(12.0) Summonings
 + Level 11.7(12.0) Necromancy
 + Level 11.7 Translocations
 + Level 11.7 Fire Magic
 + Level 11.7 Ice Magic
 + Level 11.7 Air Magic
 + Level 11.7 Earth Magic
 + Level 11.7(12.0) Alchemy


You knew the following spells:

 Your Spells              Type           Power      Damage    Failure   Level
a - Foxfire               Conj/Fire      100%       2x1d9     1%          1
b - Scorch                Fire           100%       2d9       1%          2
c - Volatile Blastmotes   Fire/Tloc      100%       2d18      1%          3
d - Inner Flame           Hex/Fire       68%        N/A       1%          3
e - Flame Wave            Conj/Fire      68%        2d15      1%          4
f - Sting                 Conj/Alch      100%       1d9       1%          1
g - Mercury Vapours       Alch/Air       100%       N/A       1%          2
h - Ensorcelled Hibernat  Hex/Ice        100%       N/A       1%          2
i - Summon Lightning Spi  Summ/Air       68%        N/A       1%          4
j - Silence               Hex/Air        34%        N/A       1%          5
Your spell library was empty.

Dungeon Overview and Level Annotations

Branches:
Dungeon (8/15)             Temple (1/1) D:7            Lair (1/5) D:8
  IceCv (1/1)

Altars:
Ashenzari
Cheibriados
Dithmenos
Elyvilon
Fedhas
Gozag
Hepliaklqana
Makhleb
Nemelex Xobeh
Okawaru
Qazlal
Ru
Trog
Uskayaw
Wu Jian
Xom
Yredelemnul
Zin
The Shining One

Annotations:
Temple 2 transporters


Innate Abilities, Weirdness & Mutations

You are immune to sickness and miasma.
You are immune to poison.
Your flesh is very heat resistant. (rF++)
You are vulnerable to cold. (rC-)
You float through the air rather than walking.
You learn spells naturally, not from books.
Your magical power is your life essence.
You have superior vitality. (+4 MHP)


Message History

S - a +0 pair of gloves You now have 522 gold pieces (gained 8). 3 death yaks come into view.
The death yak bellows! x3
Casting: Foxfire (safe; 1% risk of failure)
Confirm with . or Enter, or press ? or * to list all spells.
An electric hum fills the air.
The death yak barely misses your lightning spire.
Casting: Summon Lightning Spire (safe; 1% risk of failure)
Confirm with . or Enter, or press ? or * to list all spells.
Aiming: Ensorcelled Hibernation (safe; 1% risk of failure)
Press: ? - help, Shift-Dir - straight line, f - death yak
Aim: a death yak (chance to affect: 10%)
The death yak resists with almost no effort.
The death yak gores your lightning spire!!
Casting: Ensorcelled Hibernation (safe; 1% risk of failure)
Confirm with . or Enter, or press ? or * to list all spells.
Aiming: Inner Flame (safe; 1% risk of failure)
Press: ? - help, Dir - move target, f/p - death yak
Aim: a death yak (chance to affect: 48%)
The death yak resists with some effort.
Your lightning spire shoots out a bolt of lightning at the death yak!
The bolt of electricity hits the death yak!
The death yak gores you!! The death yak gores you!
Your lightning spire shoots out a bolt of lightning at the death yak!
The bolt of electricity hits the death yak!!
The death yak attacks as it pursues you!
The death yak gores you!!
* * * LOW HITPOINT WARNING * * *
Your lightning spire shoots out a bolt of lightning at the death yak!
The bolt of electricity hits the death yak!
The bolt of electricity hits the death yak!!
The bolt of electricity hits the death yak!
Aiming: Paralyse
Press: ? - help, Q - select action, (/) - cycle Shift-Dir - straight line, f - death yak, p - death yak
Aim: a death yak (almost dead, not watching you, ally target, chance to affect: 1%)
The death yak resists with almost no effort.
The death yak snorts and paws the ground.
The death yak gores you!!
You die...

#..##...## #.
#...##...### .###
##..####...## #...
#####..####...# .⌠.
##.##.#..###..## ..#
#.#..#....##..# ..#
##.#.##..##..####.8#
#.#.##..##....#Y.Y#
#####..####.#.@Y.##
##.## ######## ##..#
#...## ##...# #...##
#...# #.∩.# ##††##


You could see 3 death yaks and a friendly lightning spire (summoned).

Vanquished Creatures
  An orange demon (Lair:1)
  2 rime drakes (Lair:1)
  A komodo dragon (Lair:1)
  A polar bear (IceCv)
  Prince Ribbit (D:5)
  A wyvern (D:8)
  9 yaks
  2 steam dragons
  2 water moccasins
  An orc warrior (D:7)
  An ice beast (D:7)
  3 wolves (IceCv)
  A centaur (D:7)
  An ogre (D:5)
  A bullfrog (D:7)
  A scorpion (D:6)
  7 wights
  A bombardier beetle (D:6)
  A hound (D:4)
  An orc priest (D:5)
  3 iguanas
  2 sleepcaps
  Ijyb (D:3)
  5 orc wizards
  7 adders
  3 gnolls (D:4)
  A shadow imp (D:8)
  2 white imps
  A ribbon worm (D:3)
  A dart slug (D:5)
  16 orcs
  5 bats
  5 endoplasms
  3 giant cockroaches
  4 goblins
  2 hobgoblins (D:1)
  8 kobolds
  5 quokkas
  4 ball pythons
  A frilled lizard (D:2)
  3 rats
121 creatures vanquished.

Vanquished Creatures (collateral kills)
  Amaemon (Lair:1)
  A cane toad (Lair:1)
  Jeremiah (Lair:1)
  4 yaks
  A steam dragon (D:7)
  A wolf (IceCv)
  A bullfrog (Lair:1)
  An orc priest (D:7)
  2 orc wizards (D:7)
  3 orcs (D:7)
  7 foxfires
23 creatures vanquished.

Vanquished Creatures (others)
  289 foxfires
289 creatures vanquished.

Grand Total: 433 creatures vanquished

Notes
Turn   | Place    | Note
-------+----------+-------------------------------------------
     0 | D:1      | unlimited1921 the Djinni Fire Elementalist began the quest
                  | for the Orb.
     0 | D:1      | unlimited1921 set off with the following spells memorised:
                  | Foxfire, Scorch, Volatile Blastmotes, Inner Flame, Flame
                  | Wave.
     0 | D:1      | Reached XP level 1. HP: 15/15 MP: 0/0
   556 | D:1      | Reached XP level 2. HP: 17/21 MP: 0/0
  1597 | D:2      | Reached XP level 3. HP: 23/25 MP: 0/0
  1597 | D:2      | Learned a level 1 spell: Sting
  2519 | D:3      | Noticed Ijyb
  2525 | D:3      | Killed Ijyb
  2526 | D:3      | Reached XP level 4. HP: 6/31 MP: 0/0
  3096 | D:3      | Reached XP level 5. HP: 24/35 MP: 0/0
  3096 | D:3      | Learned a level 2 spell: Mercury Vapours
  3195 | D:3      | Identified the +5 rapier of Analysis {holy, Int+5}
  3655 | D:4      | Reached XP level 6. HP: 40/40 MP: 0/0
  4188 | D:5      | Entered Level 5 of the Dungeon
  4575 | D:5      | Noticed Prince Ribbit
  4579 | D:5      | Killed Prince Ribbit
  4580 | D:5      | Reached skill level 5 in Spellcasting
  4580 | D:5      | Reached skill level 5 in Conjurations
  4580 | D:5      | Reached skill level 5 in Hexes
  4580 | D:5      | Reached skill level 5 in Summonings
  4580 | D:5      | Reached skill level 5 in Necromancy
  4580 | D:5      | Reached skill level 5 in Translocations
  4580 | D:5      | Reached skill level 5 in Fire Magic
  4580 | D:5      | Reached skill level 5 in Ice Magic
  4580 | D:5      | Reached skill level 5 in Air Magic
  4580 | D:5      | Reached skill level 5 in Earth Magic
  4580 | D:5      | Reached skill level 5 in Alchemy
  4580 | D:5      | Reached XP level 7. HP: 29/45 MP: 0/0
  4580 | D:5      | Learned a level 2 spell: Ensorcelled Hibernation
  4677 | D:5      | Reached skill level 1 in Short Blades
  5014 | D:6      | Reached XP level 8. HP: 51/51 MP: 0/0
  5757 | D:7      | Identified the +6 spear of Joahoiff {heavy, rElec Str+2
                  | SInv}
  6141 | D:7      | Reached XP level 9. HP: 51/56 MP: 0/0
  6141 | D:7      | Learned a level 4 spell: Summon Lightning Spire
  6226 | D:7      | Found a burning altar of Makhleb.
  6656 | D:7      | Reached skill level 5 in Dodging
  6890 | D:7      | Found a staircase to the Ecumenical Temple.
  6896 | Temple   | Found a transporter.
  6896 | Temple   | Found a transporter.
  6896 | Temple   | Found a transporter.
  6896 | Temple   | Found a transporter.
  6896 | Temple   | Entered the Ecumenical Temple
  6917 | Temple   | Became a worshipper of Ashenzari the Shackled
  7035 | D:8      | Found a staircase to the Lair.
  7361 | D:8      | Found a hazy altar of Hepliaklqana.
  7837 | D:8      | Found a bloodstained altar of Trog.
  7838 | D:8      | Found an ornate altar of the Wu Jian Council.
  8271 | Lair:1   | Entered Level 1 of the Lair of Beasts
  8320 | Lair:1   | Noticed a cane toad
  8328 | Lair:1   | Killed a cane toad
  8329 | Lair:1   | Reached XP level 10. HP: 38/61 MP: 0/0
  8336 | Lair:1   | Noticed Jeremiah
  8344 | Lair:1   | Killed Jeremiah
  8407 | Lair:1   | Noticed an orange demon
  8407 | Lair:1   | Noticed a komodo dragon
  8410 | Lair:1   | Noticed Amaemon
  8415 | Lair:1   | Killed a komodo dragon
  8415 | Lair:1   | Killed an orange demon
  8416 | Lair:1   | Reached skill level 10 in Spellcasting
  8416 | Lair:1   | Reached skill level 10 in Conjurations
  8416 | Lair:1   | Reached skill level 10 in Hexes
  8416 | Lair:1   | Reached skill level 10 in Summonings
  8416 | Lair:1   | Reached skill level 10 in Necromancy
  8416 | Lair:1   | Reached skill level 10 in Translocations
  8416 | Lair:1   | Reached skill level 10 in Fire Magic
  8416 | Lair:1   | Reached skill level 10 in Ice Magic
  8416 | Lair:1   | Reached skill level 10 in Air Magic
  8416 | Lair:1   | Reached skill level 10 in Earth Magic
  8416 | Lair:1   | Reached skill level 10 in Alchemy
  8420 | Lair:1   | Killed Amaemon
  8579 | Lair:1   | Noticed a rime drake
  8580 | Lair:1   | Noticed a rime drake
  8583 | Lair:1   | Killed a rime drake
  8583 | Lair:1   | Killed a rime drake
  8584 | Lair:1   | Reached XP level 11. HP: 48/66 MP: 0/0
  8584 | Lair:1   | Learned a level 5 spell: Silence
  8687 | Lair:1   | Found a frozen archway.
  8693 | IceCv    | Entered an ice cave
  8786 | IceCv    | Noticed a death yak
  8786 | IceCv    | Noticed a death yak
  8786 | IceCv    | Noticed a death yak
  8791 | IceCv    | HP: 3/66 [death yak (25)]
  8792 | IceCv    | Demolished by a death yak

Illustrated notes

Levels and vault maps discovered:
D:1:      minmay_arrival_stair_chambers, layout_basic
D:2:      layout_basic
D:3:      layout_basic, uniq_ijyb
D:4:      layout_rooms, serial_curves, eino_curves_02, eino_curves_01,
          minivault_14
D:5:      layout_cave_pools, chequers_decorated_corner, uniq_prince_ribbit1
D:6:      layout_cave_pools
D:7:      layout_basic, mainiacjoe_overflow_concentric_impassable,
          minmay_temple_entry_nine_rooms
D:8:      layout_layer_cave, lemuel_round_altar, nicolae_overflow_crystal_walls,
          mainiacjoe_overflow_divided_tiny, lair_entry_dummy
Temple:   hellmonk_temple_divided_pantheon
Lair:1:   dreamdust_cave_troll, layout_gridlike, portal_ice_cave_rime,
          lemuel_fruit_tree, uniq_jeremiah, uniq_amaemon
IceCv:    ice_cave_caverns_02

Skill      XL: |  1  2  3  4  5  6  7  8  9 10 |
---------------+-------------------------------+-----
Stealth        | 2 3 4 |  4.7
Dodging        | 3 4 5 7 |  7.3
Spellcasting   | 4 5 7 9 11 | 11.7
Conjurations   | 4 5 7 9 11 | 11.7
Hexes          | 4 5 7 9 11 | 11.7
Summonings     | 4 5 7 9 11 | 11.7
Necromancy     | 4 5 7 9 11 | 11.7
Translocations | 4 5 7 9 11 | 11.7
Fire Magic     | 4 5 7 9 11 | 11.7
Ice Magic      | 4 5 7 9 11 | 11.7
Air Magic      | 4 5 7 9 11 | 11.7
Earth Magic    | 4 5 7 9 11 | 11.7
Alchemy        | 4 5 7 9 11 | 11.7
Short Blades   | 1 |  1.8
Fighting       | |  0.6

Action                     |  1- 3 |  4- 6 |  7- 9 | 10-12 || total
---------------------------+-------+-------+-------+-------++-------
  Melee: Rapier            |       |     1 |     5 |     1 ||     7
   Cast: Foxfire           |    56 |    61 |    49 |    19 ||   185
         Scorch            |     7 |     3 |    25 |    10 ||    45
         Sting             |     4 |     5 |     8 |       ||    17
         Inner Flame       |     1 |    23 |    25 |    12 ||    61
         Mercury Vapours   |       |    14 |    20 |     4 ||    38
         Ensorcelled Hiber |       |       |     5 |     1 ||     6
         Summon Lightning  |       |       |     5 |     8 ||    13
         Silence           |       |       |       |     1 ||     1
 Invoke: Curse Item        |       |       |       |     1 ||     1
  Evoke: Wand              |       |       |       |     1 ||     1
 Armour: Robe              |     5 |     4 |     9 |     4 ||    22
         Steam dragon scal |       |       |    10 |     9 ||    19
  Dodge: Dodged            |     7 |     3 |    18 |     9 ||    37
